 Dungeon Crawl Stone Soup version 0.29.1-4-g47bece8355 (webtiles) character file.

Game seed: 94741139482304433

473 ChadusMaximus the Shield-Bearer (level 6, 0/56 HPs)
             Began as a Minotaur Fighter on Dec 10, 2022.
             Was an Initiate of Okawaru.
             Succumbed to Dowan's poison
             ... on level 5 of the Dungeon.
             The game lasted 00:04:21 (4018 turns).

ChadusMaximus the Shield-Bearer (Minotaur Fighter)  Turns: 4018, Time: 00:04:21

Health: 0/56       AC: 15    Str: 23    XL:     6   Next: 83%
Magic:  5/5        EV:  9    Int:  5    God:    Okawaru [......]
Gold:   242        SH:  5    Dex:  9    Spells: 5/5 levels left

rFire   . . .      SeeInvis .   a - +0 war axe
rCold   . . .      Faith    .   c - +0 buckler
rNeg    . . .      Spirit   .   b - +0 scale mail
rPois   .          Reflect  .   r - +0 hat
rElec   .          Harm     .   l - +1 cloak
rCorr   .          Rampage  .   (no gloves)
Will    .....                   q - +0 pair of boots
Stlth   ..........              (no amulet)
HPRegen 0.18/turn               t - +4 ring of protection
MPRegen 0.09/turn               (no ring)

@: lethally poisoned (0 -> -42)
A: horns 2, retaliatory headbutt
a: Renounce Religion


You were on level 5 of the Dungeon.
You worshipped Okawaru.
Okawaru was noncommittal.
You visited 2 branches of the dungeon, and saw 6 of its levels.

You collected 242 gold pieces.

Inventory:

Hand Weapons
 a - a +0 war axe (weapon)
 A - a +0 giant club
Armour
 b - a +0 scale mail (worn)
 c - a +0 buckler (worn)
 k - a +0 cloak
 l - a +1 cloak (worn)
 q - a +0 pair of boots (worn)
 r - a +0 hat (worn)
Jewellery
 i - a ring of fire
 t - a +4 ring of protection (left hand)
Wands
 o - a wand of iceblast (9)
 x - a wand of polymorph (10)
 y - a wand of light (5)
Scrolls
 g - 3 scrolls of identify {unknown}
 h - 2 scrolls of teleportation
 m - a scroll of enchant armour {unknown}
 n - a scroll of magic mapping {unknown}
 s - a scroll of poison {unknown}
Potions
 d - 2 potions of might
 e - 2 potions of mutation {unknown}
 f - 2 potions of haste {unknown}
 j - 2 potions of cancellation {unknown}
 p - 3 potions of curing {unknown}
 u - a potion of magic {unknown}
 v - a potion of heal wounds {unknown}
 w - a potion of ambrosia {unknown}


   Skills:
 + Level 5.5 Fighting
 + Level 4.8 Axes
 + Level 5.5 Armour
 + Level 5.6 Shields
 * Level 0.9 Invocations


You had 5 spell levels left.
You didn't know any spells.
Your spell library contained the following spells:

 Spells                   Type           Power      Damage    Failure   Level
 Orb of Destruction       Conj           0%         9d5       100%        7
 Summon Guardian Golem    Hex/Summ       Unusable   N/A       N/A         3
 Spellforged Servitor     Conj/Summ      Unusable   N/A       N/A         7

Dungeon Overview and Level Annotations

Branches:
Dungeon (5/15)             Temple (1/1) D:4

Altars:
Dithmenos
Fedhas
Gozag
Hepliaklqana
Kikubaaqudgha
Okawaru
Qazlal
Ru
Sif Muna
Trog
Vehumet
Xom
Zin

Shops:
D:1 !**:?   D:5 *

Annotations:
D:5 Dowan, Duvessa


Innate Abilities, Weirdness & Mutations

You have a pair of horns on your head.
You reflexively headbutt those who attack you in melee.


Message History

Duvessa hits you but does no damage. Dowan attacks as you move away!
You block Dowan's attack. Duvessa attacks as you move away!
Duvessa hits you but does no damage.
You feel very sick.
Dowan points at you and mumbles some strange words.
The puff of frost hits you.
You barely miss Duvessa.
You feel very sick. Duvessa hits you but does no damage.
Dowan hits you but does no damage.
You are more poisoned.
The gnoll barely misses you.
You slash Dowan!
Dowan is moderately wounded.
You slash Duvessa!
You feel extremely sick.
Duvessa hits you with a +0 rapier. x2; The gnoll barely misses you.
Dowan hits you but does no damage.
You barely miss Dowan. Your headbutt misses Dowan.
Dowan is moderately wounded.
You slash Duvessa!
You feel very sick. Duvessa hits you with a +0 rapier.
The gnoll hits you but does no damage. Dowan hits you but does no damage.
You are lethally poisoned!
Duvessa hits you but does no damage.
You barely miss Duvessa.
Duvessa is heavily wounded.
You barely miss Dowan.
* * * LOW HITPOINT WARNING * * *
You feel very sick. Duvessa hits you but does no damage.
The gnoll hits you but does no damage. Dowan hits you but does no damage.
You are more poisoned.
Duvessa barely misses you. You furiously retaliate!
You headbutt Duvessa. You block the gnoll's attack.
Dowan hits you but does no damage.
You are more poisoned.
You closely miss Duvessa. You headbutt Duvessa.
Duvessa is severely wounded.
You hit Dowan.
You die...

# #.....# #........# # #
#....†##########........# # ..
#....†..................#####
..#
#...................?..†...##
...
#..........................##
..
#.....#####................##
.. #.##### #...............)..
## #.
#######.e.g........#...## #.#.
#.......@e......(..#..)#
#.#.###.......####.......#...#
###.#...........#
#......=#...##
....#...........# ... #.....
....##..........# #.....
....##...###.#### #.....
....##...#.......... #.....
.......###.......#.. ######
##.....# #.......# #####


You could see Duvessa (fast, resistant), Dowan and a gnoll.

Vanquished Creatures
  An ogre (D:5)
  A necrophage (D:5)
  3 iguanas
  An orc wizard (D:5)
  6 gnolls
  3 adders
  2 dart slugs
  25 orcs
  3 endoplasms
  4 giant cockroaches
  11 goblins
  7 hobgoblins
  3 jackals
  3 quokkas
  5 ball pythons
  14 bats
  4 frilled lizards
  11 kobolds
  4 rats
111 creatures vanquished.

Notes
Turn   | Place    | Note
-------+----------+-------------------------------------------
     0 | D:1      | ChadusMaximus the Minotaur Fighter began the quest for the
                  | Orb.
     0 | D:1      | Reached XP level 1. HP: 19/19 MP: 0/0
    50 | D:1      | Found Bokhlen's Magic Scroll Boutique.
    99 | D:1      | Found Mabb's Book Boutique.
   235 | D:1      | Found Jenior's General Store.
   310 | D:1      | Reached XP level 2. HP: 27/27 MP: 1/1
   333 | D:1      | Found Gozxab Peush's Assorted Antiques.
   549 | D:1      | Found Zyesuh's Distillery.
   824 | D:2      | Reached XP level 3. HP: 33/33 MP: 2/2
   858 | D:2      | Found a shimmering altar of Xom.
   959 | D:2      | Found a faded altar of an unknown god.
  1367 | D:3      | Reached XP level 4. HP: 12/40 MP: 3/3
  2175 | D:3      | Reached XP level 5. HP: 47/47 MP: 4/4
  2236 | D:3      | Found an ancient bone altar of Kikubaaqudgha.
  2575 | D:3      | Found a stormy altar of Qazlal.
  2653 | D:3      | Found a hazy altar of Hepliaklqana.
  2975 | D:4      | Found a glowing silver altar of Zin.
  3111 | D:4      | Found a staircase to the Ecumenical Temple.
  3324 | Temple   | Entered the Ecumenical Temple
  3371 | Temple   | Became a worshipper of Warmaster Okawaru
  3449 | D:4      | Found a bloodstained altar of Trog.
  3545 | D:5      | Entered Level 5 of the Dungeon
  3581 | D:5      | Found Pitil's Gadget Gallery.
  3610 | D:5      | Reached skill level 5 in Shields
  3624 | D:5      | Reached skill level 5 in Armour
  3629 | D:5      | Noticed Duvessa
  3634 | D:5      | Noticed an ogre
  3638 | D:5      | Killed an ogre
  3639 | D:5      | Reached skill level 5 in Fighting
  3639 | D:5      | Reached XP level 6. HP: 16/56 MP: 5/5
  4005 | D:5      | Noticed Dowan
  4018 | D:5      | Succumbed to Dowan's poison

Illustrated notes

Levels and vault maps discovered:
D:1:      dpeg_arrival_pits, layout_basic, serial_shops, shop_statue,
          nicolae_shop_stone, nicolae_shop_temple_entry_statues_fountains,
          nicolae_shop_window_shopping, nicolae_square_shop
D:2:      layout_rooms, basic_altar, dreamdust_ecumenical_altar_statues
D:3:      minmay_wonky_spiral, layout_basic, mainiacjoe_overflow_alcove_4,
          lemuel_round_altar, worldfamousw_hep_ancestral_shrine
D:4:      layout_basic, trog_hazing_becter, zin_statuary, temple_doors_e,
          roderic_batcave, kennysheep_generic_room_16
D:5:      layout_basic, minmay_shop_mayhem, nicolae_shop_gadgets, uniq_duvessa
Temple:   nicolae_temple_ecumenical_triangle

Skill      XL: |  1  2  3  4  5 |
---------------+----------------+-----
Armour         | 4 5 |  5.5
Shields        | 4 5 |  5.6
Fighting       | 4 5 |  5.5
Axes           | 3 4 |  4.8
Invocations    | |  0.9

Action                   |  1- 3 |  4- 6 || total
-------------------------+-------+-------++-------
Melee: War axe           |    90 |   162 ||   252
       Headbutt          |     9 |    25 ||    34
Throw: Throwing net      |       |     2 ||     2
  Use: Scroll            |       |     1 ||     1
       Potion            |       |     1 ||     1
Armor: Scale mail        |    40 |    98 ||   138
Dodge: Dodged            |    35 |    74 ||   109
Block: Buckler           |    17 |    36 ||    53
